 Dungeon Crawl Stone Soup version 0.24.0-41-g2ae2f7f1be (webtiles) character file.

Game seed: 4985505749232313039, levelgen mode: deterministic

254 Esekla the Magician (level 5, -3/28 HPs)
             Began as a Deep Elf Wizard on Dec 10, 2019.
             Slain by an orc wizard
             ... wielding a +0 dagger of speed
              (4 damage)
             ... on level 4 of the Dungeon.
             The game lasted 00:25:34 (3353 turns).

Esekla the Magician (Deep Elf Wizard)               Turns: 3353, Time: 00:25:35

Health: -3/28      AC:  2    Str:  5    XL:     5   Next: 91%
Magic:  0/15       EV: 13    Int: 23    God:
Gold:   115        SH:  0    Dex: 13    Spells: 7/16 levels left

rFire    + . .     SeeInvis .   t - +0 dagger
rCold    x . .     Gourm    +   (no shield)
rNeg     . . .     Faith    .   a - +0 robe
rPois    .         Spirit   .   b - +0 hat
rElec    .         Reflect  .   (no cloak)
rCorr    .         Harm     .   (no gloves)
MR       .....                  (no boots)
Stlth    ++........             q - amulet of the gourmand
HPRegen  0.09/turn              v - ring of fire
MPRegen  0.14/turn              (no ring)

@: no status effects
A: no striking features
a: no special abilities


You were on level 4 of the Dungeon.
You were not hungry.

You visited 1 branch of the dungeon, and saw 4 of its levels.

You collected 115 gold pieces.

Inventory:

Hand Weapons
 l - a +0 spear
 t - a +0 dagger (weapon)
Missiles
 e - 31 poisoned darts (quivered)
Armour
 a - a +0 robe (worn)
 b - a +0 hat (worn)
Jewellery
 q - an amulet of the gourmand (around neck)
 v - a ring of fire (left hand)
Wands
 p - a wand of random effects (15)
 s - a wand of polymorph (12)
Scrolls
 c - a scroll of blinking {unknown}
 f - a scroll of immolation {unknown}
 g - 3 scrolls of amnesia {unknown}
 i - 3 scrolls of remove curse {unknown}
 j - a scroll of teleportation {unknown}
 k - a scroll of fog {unknown}
 n - 2 scrolls of identify {unknown}
Potions
 h - a potion of agility {unknown}
 m - a potion of lignification {unknown}
 o - a potion of degeneration {unknown}
 r - 2 potions of heal wounds {unknown}
 u - a potion of might {unknown}
Comestibles
 d - 3 rations


   Skills:
 + Level 1.6 Polearms
 + Level 3.1 Dodging
 - Level 2.4 Stealth
 + Level 6.0 Spellcasting
 * Level 3.4 Conjurations
   Level 1.1 Summonings
 * Level 2.1 Translocations
 * Level 1.3 Fire Magic


You had 7 spell levels left.
You knew the following spells:

 Your Spells              Type           Power        Failure   Level  Hunger
a - Magic Dart            Conj           ###.         1%          1    None
b - Blink                 Tloc           N/A          5%          2    None
c - Mephitic Cloud        Conj/Pois/Air  ##......     16%         3    #......
f - Conjure Flame         Conj/Fire      ####....     10%         3    #......

Your spell library contained the following spells:

 Spells                   Type           Power        Failure   Level  Hunger
 Call Imp                 Summ           ##......     9%          2    None
 Slow                     Hex            #.......     13%         2    None


Dungeon Overview and Level Annotations

Branches:
Dungeon (4/15)
 Temple: D:4-7

Altars:
Zin
The Shining One

Annotations:
D:3 Grinder, Purgy


Message History

The orc wizard is almost dead.
The orc wizard barely misses you.
Casting: Magic Dart (safe; 1% risk of failure)
Confirm with . or Enter, or press ? or * to list all spells.
Aiming: Magic Dart (safe; 1% risk of failure)
Press: ? - help, Shift-Dir - straight line, f/p - orc wizard
Aim: an orc wizard, wielding a +0 dagger of speed and wearing a +0 robe (almost dead)
The magic dart hits the orc wizard.
The orc wizard is almost dead.
The orc wizard casts a spell at you. The magic dart hits you.
* * * LOW HITPOINT WARNING * * *
You miss the orc wizard.
The orc wizard is almost dead.
The orc wizard casts a spell at you. You resist with some effort.
You barely miss the orc wizard.
The orc wizard is almost dead.
The orc wizard hits you with a +0 dagger of speed.
You die...

....[# ..# ....##
... ...## ###..#
...# #....# ...#
#.#.#
..###########...#
...........#..##
###.######.....####
#..# ###.#..@.#
##.# #...####o# #..
#..## #o.# #..#.
#.. ##.# ...... ...
.# .### ###.# .. .#
...#. ...
##.#.....#. ###
o..oo.>..


You could see an orc wizard and an orc (confused).

Vanquished Creatures
  A centaur zombie (D:3)
  An orc priest (D:3)
  A bullfrog skeleton (D:4)
  A hound skeleton (D:4)
  A worker ant zombie (D:3)
  4 adders
  2 howler monkey skeletons
  An adder zombie (D:3)
  A worm (D:3)
  2 dart slugs (D:1)
  2 leopard geckos (D:1)
  9 orcs
  2 ball pythons (D:1)
  4 giant cockroaches
  2 goblins
  8 hobgoblins
  8 jackals
  8 bats
  3 frilled lizards
  3 kobolds
  A leopard gecko skeleton (D:3)
  A quokka zombie (D:3)
  5 rats
71 creatures vanquished.

Notes
Turn   | Place    | Note
-------+----------+-------------------------------------------
     0 | D:1      | Esekla the Deep Elf Wizard began the quest for the Orb.
     0 | D:1      | Reached XP level 1. HP: 10/10 MP: 7/7
   272 | D:2      | Reached skill level 5 in Spellcasting
   272 | D:2      | Reached XP level 2. HP: 15/15 MP: 6/10
   302 | D:2      | Learned a level 2 spell: Blink
   391 | D:3      | Noticed Grinder
   417 | D:2      | Reached XP level 3. HP: 5/19 MP: 0/11
   673 | D:2      | Learned a level 3 spell: Mephitic Cloud
   677 | D:2      | Learned a level 3 spell: Conjure Flame
  1653 | D:2      | Reached XP level 4. HP: 15/24 MP: 4/13
  1785 | D:3      | Noticed Purgy
  2043 | D:3      | Found a glowing golden altar of the Shining One.
  2043 | D:3      | Found a glowing silver altar of Zin.
  2562 | D:3      | Reached skill level 1 in Polearms
  2562 | D:3      | Reached XP level 5. HP: 23/28 MP: 10/15
  2580 | D:3      | Reached skill level 1 in Fire Magic
  2821 | D:3      | Paralysed by Grinder for 2 turns
  2888 | D:3      | Reached skill level 6 in Spellcasting
  3351 | D:4      | HP: 1/28 [orc wizard/magic dart (3)]
  3353 | D:4      | Slain by an orc wizard

Levels and vault maps discovered:
D:1:      dpeg_arrival_shelter, layout_basic, minmay_misc_feat_encased,
          minmay_liquid_box
D:2:      layout_rooms, first_ration
D:3:      layout_loops_ring, gammafunk_temple_overflow_wave, serial_undead,
          serial_undead_a, serial_undead_a, serial_undead_b, serial_undead_b,
          serial_undead_d, serial_undead_b, serial_undead_f, serial_undead_a,
          uniq_sigmund, uniq_purgy, uniq_grinder
D:4:      minmay_wonky_spiral, layout_rooms, st_stairs_3, corexii_corridor_pit

Skill      XL: |  1  2  3  4  5 |
---------------+----------------+-----
Spellcasting   | 5 6 |  6.0
Conjurations   | 2 3 |  3.4
Polearms       | 1 |  1.6
Dodging        | 3 |  3.1
Fire Magic     | 1 |  1.3
Translocations | 2 |  2.1
Stealth        | |  2.4
Summonings     | |  1.1

Action                   |  1- 3 |  4- 6 || total
-------------------------+-------+-------++-------
Melee: Spear             |    48 |   122 ||   170
       Club              |     2 |       ||     2
       Dagger            |       |    10 ||    10
Throw: Dart              |       |     4 ||     4
 Cast: Magic Dart        |    79 |    61 ||   140
       Conjure Flame     |     2 |     9 ||    11
       Mephitic Cloud    |       |     2 ||     2
       Blink             |       |     1 ||     1
 Stab: Sleeping          |     1 |     1 ||     2
       Confused          |       |     3 ||     3
  Eat: Chunk             |     1 |     4 ||     5
       Ration            |       |     1 ||     1
Armor: Robe              |     7 |    18 ||    25
Dodge: Dodged            |    38 |    65 ||   103
